 Dungeon Crawl Stone Soup version 0.17.0-15-g6d90897 (webtiles) character file.

729 4thArraOfDagon the Grappler (level 7, -2/66 HPs)
             Began as a Troll Monk on Nov 10, 2015.
             Was a Believer of Okawaru.
             Slain by an orc
             ... wielding a +0 club
              (5 damage)
             ... on level 8 of the Dungeon.
             The game lasted 00:04:44 (1033 turns).

4thArraOfDagon the Grappler (Troll Monk)            Turns: 1033, Time: 00:04:44

Health: -2/66      AC:  5    Str: 20    XL:     7   Next: 44%
Magic:  4/7        EV: 13    Int:  8    God:    Okawaru [**....]
Gold:   115        SH:  0    Dex: 12    Spells: 0 memorised, 6 levels left

rFire  . . .     SeeInvis .       - Unarmed
rCold  . . .     Clarity  .     a - +0 robe
rNeg   . . .     SustAt   .     (no shield)
rPois  .         Gourm    +     (helmet restricted)
rElec  .         Spirit   .     (no cloak)
rCorr  .         Warding  .     (gloves unavailable)
rMut   .         Stasis   .     (boots unavailable)
MR     .....                    (no amulet)
Stlth  ++........               (no ring)
                                (no ring)

@: heroism, not resistant to hostile enchantments, unstealthy
A: unfitting armour, claws 3, fast metabolism 3, gourmand, regeneration 2,
shaggy fur 1, tough skin 2
a: Heroism, Renounce Religion


You were on level 8 of the Dungeon.
You worshipped Okawaru.
Okawaru was pleased with you.
You were very full.

You visited 1 branch of the dungeon, and saw 8 of its levels.

You collected 115 gold pieces.

Inventory:

Armour
 a - a +0 robe (worn)
Scrolls
 c - a scroll of blinking {unknown}
 d - 4 scrolls of remove curse {unknown}
 g - 2 scrolls of identify {unknown}
 h - 2 scrolls of amnesia {unknown}
 k - a scroll of teleportation {unknown}
 n - 2 scrolls of random uselessness {unknown}
 o - a scroll of magic mapping {unknown}
 s - 4 scrolls of recharging {unknown}
Potions
 e - a potion of poison {unknown}
 i - a potion of invisibility
 j - a potion of haste {unknown}
 l - a potion of brilliance
 m - a potion of might {unknown}
 p - 3 potions of agility {unknown}
 r - a potion of cancellation {unknown}
 t - a potion of lignification {unknown}
Comestibles
 b - 2 bread rations
 f - a meat ration


   Skills:
 + Level 2.9(7.9) Fighting
 + Level 3.0(8.0) Dodging
 - Level 1.1(6.1) Stealth
 * Level 8.5(13.5) Unarmed Combat
 + Level 1.4 Invocations


You had 6 spell levels left.
You didn't know any spells.

Dungeon Overview and Level Annotations

Branches:
Dungeon (8/15)
 Temple: D:4-7         Lair: D:8-11

Altars:
Okawaru
Yredelemnul

Shops:
D:7 %


Innate Abilities, Weirdness & Mutations

You are too large for most types of armour.
You have claws for hands.
Your metabolism is lightning-fast.
You like to eat raw meat.
You heal very quickly.
You are covered in fur (AC +1).
You have very tough skin (AC +2).


Message History

The giant frog is severely wounded.
The giant frog misses you. The worker ant zombie bites you.
* * * LOW HITPOINT WARNING * * *
Unknown command.
Unknown command.
Unknown command.
Unknown command.
You scratch the giant frog.
The giant frog is severely wounded.
The giant frog hits you but does no damage.
The orc hits you but does no damage. x2
The worker ant zombie bites you.
* * * LOW HITPOINT WARNING * * *
Unknown command.
Unknown command.
Unknown command.
Unknown command.
Unknown command.
The orc hits you with a club.
You die...

######## ####...[..###
###...........####
###................#
##...................
##....................
##......<......Z)......
##.............>F).....#
#..............@oo....#.
##..).................##
#...................###
#..................##
.................###
.............#####
##############


You could see a giant frog, 2 orcs and a worker ant zombie.

Vanquished Creatures
  Prince Ribbit (D:8)
  An orc warrior (D:8)
  A giant frog (D:7)
  A scorpion (D:5)
  A hound (D:8)
  6 orc wizards
  An orc priest (D:6)
  A worker ant (D:7)
  6 adders
  A gnoll (D:4)
  2 giant geckos
  8 orcs
  A ball python (D:4)
  2 bats
  2 giant cockroaches (D:4)
  2 goblins
  2 hobgoblins (D:2)
  A ball python skeleton (D:4)
  A giant newt (D:1)
  A quokka zombie (D:6)
42 creatures vanquished.

Notes
Turn   | Place    | Note
--------------------------------------------------------------
     0 | D:1      | 4thArraOfDagon the Troll Monk began the quest for the Orb.
     0 | D:1      | Reached XP level 1. HP: 22/22 MP: 0/0
   255 | D:2      | Reached XP level 2. HP: 29/29 MP: 1/1
   395 | D:2      | Reached skill level 5 in Unarmed Combat
   395 | D:2      | Reached XP level 3. HP: 36/36 MP: 2/2
   427 | D:2      | horrible lab
   525 | D:5      | Entered Level 5 of the Dungeon
   525 | D:5      | Noticed a sky beast
   525 | D:5      | Noticed a scorpion
   527 | D:5      | Killed a scorpion
   527 | D:5      | Reached XP level 4. HP: 26/44 MP: 3/3
   547 | D:5      | Found a basalt altar of Yredelemnul.
   565 | D:4      | Reached skill level 6 in Unarmed Combat
   699 | D:6      | Reached XP level 5. HP: 39/50 MP: 4/4
   818 | D:7      | Reached skill level 7 in Unarmed Combat
   863 | D:7      | Found Esutaqyt's Food Shop.
   867 | D:7      | Reached XP level 6. HP: 38/59 MP: 5/5
   914 | D:7      | Found an iron altar of Okawaru.
   931 | D:7      | Became a worshipper of Warmaster Okawaru
   931 | D:7      | Reached * piety under Okawaru
   931 | D:7      | Reached ** piety under Okawaru
   979 | D:8      | Noticed Prince Ribbit
   990 | D:8      | Killed Prince Ribbit
   990 | D:8      | Reached skill level 8 in Unarmed Combat
   990 | D:8      | Reached skill level 1 in Invocations
   990 | D:8      | Reached XP level 7. HP: 39/66 MP: 3/6
  1032 | D:8      | HP: 2/66 [worker ant zombie (4)]
  1033 | D:8      | Slain by an orc

Action                   |  1- 3 |  4- 6 |  7- 9 || total
-------------------------+-------+-------+-------++-------
Melee: Unarmed           |    38 |    63 |    16 ||   117
Invok: Heroism           |       |     1 |     1 ||     2
  Use: Potion            |     2 |     1 |       ||     3
 Stab: Sleeping          |     1 |       |       ||     1
       Invisible         |       |     2 |       ||     2
  Eat: Chunk             |     3 |    10 |       ||    13
